 Dungeon Crawl Stone Soup version 0.32-a0-700-g9bfe03f (webtiles) character file.

Game seed: 8928800938899035239

38413 magiryoung the Fighter (level 13, -4/119 HPs)
             Began as a White Draconian Shapeshifter on Mar 13, 2024.
             Was an Initiate of Gozag.
             Slain by a komodo dragon (18 damage)
             ... on level 2 of the Lair of Beasts.
             The game lasted 00:30:37 (17883 turns).

magiryoung the Fighter (DrSh)                      Turns: 17883, Time: 00:30:38

Health: -4/119     AC: 14    Str: 22    XL:     13   Next: 63%
Magic:  22/22      EV: 20    Int: 13    God:    Gozag
Gold:   1269       SH:  0    Dex: 16    Spells: 17/24 levels left

rFire   + .          .
                       - Unarmed
rCold   + . .        (shield currently unavailable)
rNeg    . . .        (body armour unavailable)
rPois   .            (helmet restricted)
rElec   .            p - +2 cloak
rCorr   .            (no gloves)
SInv    +            y - +2 pair of boots
Will    +....        (no amulet)
Stlth   +            w - +6 ring of strength
HPRegen 0.39/turn    k - ring of the Writhing Gods {^Drain rF+ Will+ Dex+2 SInv}
MPRegen 0.18/turn

%: no passive effects
@: flux-form, marked, gold aura, glowing
A: glow, contaminating, glacial breath, AC +8, unfitting armour, cold resistance
1, cold-blooded
a: Glacial Breath, Begin Untransformation, Renounce Religion, Potion Petition,
Call Merchant, Bribe Branch


You were on level 2 of the Lair of Beasts.
You worshipped Gozag.
Gozag was most pleased with you.
You were something dangerously unstable.
You visited 3 branches of the dungeon, and saw 15 of its levels.
You also visited: Sewer and Bailey.

You collected 4326 gold pieces.
You spent 1046 gold pieces at shops.
You paid 2011 gold pieces to Gozag.

Inventory:

Armour
 b - the +0 buckler of Refuge {rF+ Will+ Stlth+}
   (You bought it in a shop on level 7 of the Dungeon)

   rF+:       It protects you from fire.
   Will+:     It increases your willpower.
   Stlth+:    It makes you more stealthy.
 p - a +2 cloak (worn)
 y - a +2 pair of boots (worn)
Jewellery
 d - a +6 ring of dexterity
 k - the ring of the Writhing Gods (right hand) {^Drain rF+ Will+ Dex+2 SInv}
   (You took it off a centaur on level 11 of the Dungeon)

   [ring of protection from fire]

   Dex+2:     It affects your dexterity (+2).
   rF+:       It protects you from fire.
   Will+:     It increases your willpower.
   SInv:      It lets you see invisible.
   ^Drain:    It drains your maximum health when unequipped.
 s - a ring of protection from cold
 w - a +6 ring of strength (left hand)
 L - a +6 ring of dexterity
Talismans
 c - a flux talisman (active)
 v - a granite talisman
Wands
 a - a wand of digging (14)
 C - a wand of flame (17)
 G - a wand of polymorph (17)
 I - a wand of paralysis (4)
 K - a wand of roots (5)
Scrolls
 e - 2 scrolls of fear
 h - 5 scrolls of amnesia
 i - 3 scrolls of blinking
 j - 2 scrolls of noise
 l - a scroll of silence
 m - 10 scrolls of teleportation
 z - a scroll of enchant armour
 A - a scroll of poison
 D - a scroll of fog
 M - 2 scrolls of vulnerability
Potions
 f - 3 potions of magic
 g - a potion of lignification
 n - 3 potions of mutation
 o - 6 potions of curing
 q - 4 potions of brilliance
 t - 5 potions of haste
 u - a potion of resistance
 x - 2 potions of enlightenment
 B - 2 potions of attraction
 E - 9 potions of ambrosia
 H - 2 potions of might {unknown}
 J - a potion of berserk rage {unknown}
 N - a potion of heal wounds


   Skills:
 - Level 12.5 Fighting
 + Level 9.1 Dodging
 + Level 4.6 Stealth
 + Level 9.8 Unarmed Combat
 * Level 6.0 Spellcasting
 + Level 3.5 Summonings
 + Level 3.4 Earth Magic
 * Level 12.4 Shapeshifting


You had 17 spell levels left.
You knew the following spells:

 Your Spells              Type           Power      Damage    Failure   Level
a - Call Canine Familiar  Summ           13%        N/A       12%         3
b - Brom's Barrelling Bo  Conj/Erth      8%         2d3       63%         4

Your spell library contained the following spells:

 Spells                   Type           Power      Damage    Failure   Level
 Sandblast                Erth           24%        2d8       4%          1
 Summon Small Mammal      Summ           52%        N/A       4%          1
 Summon Ice Beast         Ice/Summ       8%         N/A       24%         3
 Stone Arrow              Conj/Erth      16%        3d8       26%         3
 Hailstorm                Conj/Ice       3%         3d5       45%         3
 Summon Blazeheart Golem  Fire/Summ      8%         N/A       63%         4
 Cause Fear               Hex            1%         N/A       86%         4
 Fulminant Prism          Conj/Alch      1%         3d5       86%         4
 Sticky Flame             Fire/Alch      3%         2d4       86%         4
 Vhi's Electric Charge    Tloc/Air       6%         N/A       86%         4
 Arcjolt                  Conj/Air       1%         1d11      99%         5
 Permafrost Eruption      Ice/Erth       4%         2x4d3     100%        6
 Plasma Beam              Fire/Air       1%         2x1d11    100%        6
 Sculpt Simulacrum        Ice/Alch       1%         N/A       100%        6


Dungeon Overview and Level Annotations

Branches:
Dungeon (12/15)            Temple (1/1) D:4            Lair (2/5) D:8
    Orc (0/2) D:12          Sewer (visited)          Bailey (visited)
  Swamp: Lair:2-3    Shoals: Lair:2-3     Snake: Lair:2-3    Spider: Lair:2-3

Altars:
Ashenzari
Cheibriados
Dithmenos
Elyvilon
Fedhas
Gozag
Hepliaklqana
Kikubaaqudgha
Makhleb
Nemelex Xobeh
Okawaru
Qazlal
Ru
Sif Muna
Trog
Uskayaw
Vehumet
Wu Jian
Xom
Yredelemnul
Zin
The Shining One

Shops:
D:7 [(!*[   D:8 =:

Portals:
Trove: D:11 (give horn of Geryon)

Annotations:
Temple 2 transporters


Innate Abilities, Weirdness & Mutations

You are something dangerously unstable.
You glow with magical radiation, making you easy to see and hit.
Foes you strike become dangerously contaminated with magical radiation.
You are incapable of wielding weapons or throwing items.
You can breathe waves of cold which freeze foes solid.
Your icy white scales are hard. (AC +8)
You cannot fit into any form of body armour.
Your flesh is cold resistant. (rC+)
You are cold-blooded and may be slowed by cold attacks.


Message History

The komodo dragon twists and deforms.
The komodo dragon is severely wounded.
You hit the komodo dragon.
The komodo dragon begins to glow.
The komodo dragon is severely wounded.
The komodo dragon barely misses you.
You hit the komodo dragon.
The komodo dragon glows dangerously bright.
The komodo dragon is severely wounded.
The komodo dragon misses you.
You hit the komodo dragon.
The komodo dragon shudders as magic cascades through it!!
You kill the komodo dragon!
You hear the loud beating of a drum very nearby.
You hear the slow rumble of an avalanche of rocks very nearby.
The komodo dragon completely misses you.
You barely miss the komodo dragon.
You tail-slap the komodo dragon, but do no damage.
The komodo dragon bites you!!
* * * LOW HITPOINT WARNING * * *
You are too injured to fight recklessly!
You are too injured to fight recklessly!
You are too injured to fight recklessly!
You are too injured to fight recklessly!
You are too injured to fight recklessly!
You are too injured to fight recklessly!
You are too injured to fight recklessly!
You are too injured to fight recklessly!
You are too injured to fight recklessly!
You are too injured to fight recklessly!
You hit the komodo dragon.
The komodo dragon begins to glow.
You tail-slap the komodo dragon.
The komodo dragon is lightly wounded.
The komodo dragon bites you!
* * * LOW HITPOINT WARNING * * *
You hit the komodo dragon.
The komodo dragon glows dangerously bright.
The komodo dragon is lightly wounded.
The komodo dragon bites you!!
You die...
Your body crumbles into a pile of gold.

..........#####
...............
...............
.........#.....
...../....P.....
.P...............
......l..........
P......p$....#.. ..
...................
#............#....#.
.............##....#
.............#.....#
#..................
.............#..$.#
..............#...#
#
.............##...#
##


You could see a komodo dragon (heavy contam).

Vanquished Creatures
  Harold (Lair:2)
  Erolcha (D:10)
  2 centaur warriors
  8 two-headed ogres
  Urug (D:10)
  Nergalle (D:11)
  Amaemon (D:10)
  Pikel (D:7)
  An orc sorcerer (Bailey)
  3 cyclopes
  6 elephants (Lair:1)
  An orange demon (D:10)
  4 gargoyles
  2 cane toads (Lair:2)
  2 black mambas (Lair:2)
  Maggie (D:7)
  An unseen horror (D:12)
  A rime drake (Lair:1)
  Jeremiah (D:8)
  5 kobold demonologists
  3 komodo dragons
  Psyche (D:8)
  A queen bee (Lair:1)
  7 trolls
  A hornet (D:11)
  Grinder (D:6)
  2 blink frogs (Lair:1)
  A shadow (D:10)
  9 slime creatures (D:12)
  2 wraiths (D:11)
  21 yaks
  5 wyverns
  3 basilisks (Lair:1)
  A warg (D:8)
  9 vampire mosquitoes (D:10)
  Grum (D:10)
  Duvessa (D:7)
  3 acid dragons
  6 water moccasins
  15 orc warriors
  A black bear (D:4)
  2 ice beasts (D:8)
  A sky beast (D:7)
  5 ogres
  10 wolves
  7 centaurs
  8 kobold brigands
  5 bullfrogs
  2 gnoll sergeants
  2 scorpions (D:5)
  Dowan (D:7)
  5 wights (D:8)
  28 killer bees
  5 howler monkeys
  8 crimson imps (D:11)
  2 bombardier beetles
  6 hounds
  5 orc priests
  Crazy Yiuf (D:2)
  2 jellies
  2 sleepcaps
  3 iguanas
  14 orc wizards
  15 gnolls
  7 river rats
  8 adders
  3 white imps
  4 ufetubi
  A dart slug (D:1)
  A ribbon worm (D:3)
  30 orcs
  21 ball pythons
  3 bats
  5 endoplasms
  3 giant cockroaches
  14 goblins
  14 hobgoblins
  3 jackals (D:3)
  4 quokkas
  4 frilled lizards
  42 kobolds
  21 rats
465 creatures vanquished.

Vanquished Creatures (collateral kills)
  Snorg (D:12)
  A slime creature (D:12)
2 creatures vanquished.

Vanquished Creatures (others)
  A vampire mosquito (D:10)
1 creature vanquished.

Grand Total: 468 creatures vanquished

Notes
Turn   | Place    | Note
-------+----------+-------------------------------------------
     0 | D:1      | magiryoung the Draconian Shapeshifter began the quest for
                  | the Orb.
     0 | D:1      | Reached XP level 1. HP: 16/16 MP: 1/1
    83 | D:1      | Reached XP level 2. HP: 18/23 MP: 2/2
   422 | D:1      | Reached XP level 3. HP: 29/29 MP: 3/3
   963 | D:2      | Reached XP level 4. HP: 33/37 MP: 4/4
  1203 | D:2      | Identified the +8 hammer "Xenaifim" {venom, ^Contam rPois
                  | Int+4}
  1205 | D:2      | Found a runed translucent door.
  1206 | D:2      | Noticed Crazy Yiuf
  1405 | D:2      | Killed Crazy Yiuf
  1709 | D:3      | Reached XP level 5. HP: 33/45 MP: 5/5
  2531 | D:4      | Reached XP level 6. HP: 18/51 MP: 6/6
  2565 | D:4      | Found a staircase to the Ecumenical Temple.
  2639 | D:4      | Found a glowing drain.
  2679 | Sewer    | Entered a sewer
  3115 | Sewer    | Your scales start taking on an icy white colour.
  3115 | Sewer    | Reached XP level 7. HP: 60/60 MP: 7/7
  3115 | Sewer    | Gained mutation: Your flesh is cold resistant. (rC+) [White
                  | Draconian growth]
  3482 | Temple   | Found a transporter.
  3482 | Temple   | Found a transporter.
  3482 | Temple   | Found a transporter.
  3482 | Temple   | Found a transporter.
  3482 | Temple   | Entered the Ecumenical Temple
  3498 | Temple   | Became a worshipper of Gozag Ym Sagoz the Greedy
  3897 | D:4      | Reached skill level 5 in Fighting
  3897 | D:4      | Reached skill level 5 in Shapeshifting
  4061 | D:5      | Entered Level 5 of the Dungeon
  4616 | D:5      | Found a glowing golden altar of the Shining One.
  4636 | D:5      | Reached XP level 8. HP: 65/69 MP: 8/8
  4682 | D:5      | Found an ornate altar of the Wu Jian Council.
  5195 | D:5      | Identified the +2 dagger "Ylugh" {flame, ^Drain rN+ Int+4}
  5356 | D:6      | Noticed Grinder
  5367 | D:6      | Paralysed by Grinder for 4 turns
  5373 | D:6      | Killed Grinder
  5374 | D:6      | Reached skill level 5 in Unarmed Combat
  5801 | D:6      | Reached skill level 5 in Dodging
  6201 | D:7      | Found a flagged portal.
  6201 | D:7      | Noticed Maggie
  6201 | D:7      | Noticed Duvessa
  6205 | D:7      | Noticed Dowan
  6215 | D:7      | Killed Dowan
  6216 | D:7      | Reached XP level 9. HP: 74/79 MP: 9/9
  6227 | D:7      | Killed Duvessa
  6234 | D:7      | Killed Maggie
  6258 | D:7      | Noticed Pikel
  6274 | D:7      | Killed Pikel
  6294 | D:7      | Found Dulaq's Assorted Antiques.
  6303 | Bailey   | Entered a bailey
  7056 | Bailey   | Noticed a kobold demonologist
  7066 | Bailey   | Killed a kobold demonologist
  7067 | Bailey   | Reached XP level 10. HP: 81/91 MP: 10/10
  7518 | Bailey   | Acquired 316 gold pieces
  7533 | Bailey   | Found an iron altar of Okawaru.
  7533 | Bailey   | Noticed an orc sorcerer
  7535 | Bailey   | Noticed a sixfirhy
  7536 | Bailey   | Killed an orc sorcerer
  7568 | Bailey   | Got the Spellbook of Viperous Misfortune
  7599 | Bailey   | Identified the +7 halberd of Nyezus {distort, Fly rElec
                  | rN+}
  7903 | D:7      | Found Mud Adigh's Antique Armour Shop.
  8075 | D:7      | Found Iroucag's Distillery.
  8134 | D:7      | Found Qyenkum's Antique Armour Boutique.
  8144 | D:7      | Bought a twisted buckler for 342 gold pieces
  8144 | D:7      | Identified the +0 buckler of Refuge {rF+ Will+ Stlth+} (You
                  | bought it in a shop on level 7 of the Dungeon)
  8287 | D:7      | Found Uddiucs's Weapon Shoppe.
  8551 | D:8      | Reached skill level 10 in Fighting
  8610 | D:8      | Found a sacrificial altar of Ru.
  8610 | D:8      | Noticed Jeremiah
  8627 | D:8      | Killed Jeremiah
  8747 | D:8      | Noticed Psyche
  8757 | D:8      | Killed Psyche
  9326 | D:8      | Found a staircase to the Lair.
  9866 | D:9      | Noticed a two-headed ogre
  9873 | D:9      | Killed a two-headed ogre
  9874 | D:9      | Reached XP level 11. HP: 97/101 MP: 11/11
 10675 | D:10     | Entered Level 10 of the Dungeon
 10675 | D:10     | Noticed Erolcha
 10695 | D:10     | Killed Erolcha
 10797 | D:10     | Noticed a sixfirhy
 10798 | D:10     | Reached skill level 10 in Shapeshifting
 10868 | D:10     | Noticed a two-headed ogre
 10883 | D:10     | Killed a two-headed ogre
 10886 | D:10     | Noticed a two-headed ogre
 11110 | D:10     | Killed a two-headed ogre
 11197 | D:10     | Noticed Urug
 11207 | D:10     | Killed Urug
 11283 | D:10     | Noticed a two-headed ogre
 11289 | D:10     | Noticed a two-headed ogre
 11296 | D:10     | Killed a two-headed ogre
 11307 | D:10     | Killed a two-headed ogre
 11316 | D:10     | Reached XP level 12. HP: 52/113 MP: 12/12
 11356 | D:10     | Noticed Amaemon
 11358 | D:10     | HP: 4/113 [acid dragon/splash of acid (19)]
 11627 | D:10     | Killed Amaemon
 11682 | D:10     | Reached skill level 1 in Spellcasting
 11695 | D:10     | Noticed a centaur warrior
 11779 | D:10     | Killed a centaur warrior
 11780 | D:10     | Reached skill level 1 in Stealth
 11780 | D:10     | Noticed a two-headed ogre
 11786 | D:10     | Killed a two-headed ogre
 12540 | D:10     | Noticed Grum
 12576 | D:10     | Killed Grum
 13236 | D:11     | Noticed Nergalle
 13246 | D:11     | Killed Nergalle
 13433 | D:11     | Noticed a two-headed ogre
 13450 | D:11     | Killed a two-headed ogre
 13616 | D:11     | Identified the ring of the Writhing Gods {^Drain rF+ Will+
                  | Dex+2 SInv}
 13699 | D:11     | Learned a level 3 spell: Call Canine Familiar
 13704 | D:11     | Learned a level 4 spell: Brom's Barrelling Boulder
 13891 | D:11     | Found a portal to a secret trove of treasure.
 14509 | D:12     | Reached skill level 1 in Summonings
 14696 | D:12     | Found a staircase to the Orcish Mines.
 14702 | D:12     | Reached skill level 1 in Earth Magic
 14852 | D:12     | Noticed a centaur warrior
 14859 | D:12     | Killed a centaur warrior
 15243 | D:12     | Noticed a two-headed ogre
 15248 | D:12     | Killed a two-headed ogre
 15270 | D:12     | Noticed Snorg
 15455 | D:12     | Reached XP level 13. HP: 109/119 MP: 19/19
 15475 | D:12     | Killed Snorg
 15973 | Lair:1   | Entered Level 1 of the Lair of Beasts
 16161 | D:8      | Bought a book of the Tundra for 704 gold pieces
 16246 | Lair:1   | Reached skill level 5 in Spellcasting
 17835 | Lair:2   | Noticed Harold
 17851 | Lair:2   | Killed Harold
 17883 | Lair:2   | Slain by a komodo dragon

Illustrated notes

Levels and vault maps discovered:
D:1:      co_arrival_square_in_a_square_in_a_square, layout_loops_ring
D:2:      layout_rooms, minmay_misc_feat_tower, chequers_serial_rivers_micro_a,
          uniq_crazy_yiuf_cottage
D:3:      layout_basic
D:4:      black_bear_nest_1, layout_rooms, minmay_temple_entry_fiery,
          portal_sewer_entry_a
D:5:      layout_basic, old_standard_altar, tso_oasis_becter
D:6:      layout_basic, uniq_grinder
D:7:      layout_rooms, enter_bailey_6, serial_shops, shop,
          nicolae_shop_temple_entry_statues_fountains,
          nicolae_shop_tiny_waterfront, shop, kennysheep_little_box,
          uniq_maggie, uniq_pikel, uniq_duvessa
D:8:      layout_loops_corners, nicolae_ru_sacrificial_ziggurat,
          erik_lair_orcish_takeover, kennysheep_generic_room_6, uniq_psyche,
          uniq_jeremiah
D:9:      layout_roguey, minmay_misc_feat_pillars,
          hangedman_abyss_or_decor_passed, uniq_erica
D:10:     minmay_imperfect_grid, layout_long_grid, uniq_grum, uniq_erolcha,
          uniq_amaemon, uniq_urug
D:11:     layout_loops_ring, enter_trove_6, kb_lookout_dungeons_type,
          minmay_nine_imps, uniq_nergalle
D:12:     layout_roguey, orc_0_dummy, minmay_fractal_squares_gapless_5,
          uniq_snorg
Temple:   hellmonk_temple_divided_pantheon
Lair:1:   layout_roguey [special_room_bee], pond
Lair:2:   layout_gridlike, shoals_dummy_entry, guppyfry_snake_entry_garden,
          enter_volcano_3, gauntlet_entry_generic,
          maelrawn_ghost_gauntlet_escape, grunt_forest_stairs_basic, uniq_harold

Skill      XL: |  1  2  3  4  5  6  7  8  9 10 11 12 13 |
---------------+----------------------------------------+-----
Dodging        | 2 3 4 5 6 7 8 9 |  9.1
Fighting       | 2 3 4 5 7 9 10 12 | 12.5
Shapeshifting  | 4 5 6 8 9 10 11 12 | 12.4
Unarmed Combat | 4 5 6 7 8 9 |  9.8
Spellcasting   | 4 6 |  6.0
Stealth        | 3 4 |  4.6
Summonings     | 1 3 |  3.5
Earth Magic    | 1 3 |  3.4

Action                     |  1- 3 |  4- 6 |  7- 9 | 10-12 | 13-15 || total
---------------------------+-------+-------+-------+-------+-------++-------
  Melee: Unarmed           |    84 |   241 |   311 |   710 |   405 ||  1751
         Tailslap          |    16 |    26 |    48 |   148 |    72 ||   310
         Punch             |       |     4 |    14 |       |       ||    18
 Invoke: Call Merchant     |       |       |       |       |     2 ||     2
         Potion Petition   |       |       |       |       |     1 ||     1
Ability: Glacial Breath    |       |       |     7 |    14 |     1 ||    22
  Evoke: Wand              |       |       |     4 |     5 |     6 ||    15
    Use: Potion            |       |     5 |       |     4 |       ||     9
         Scroll            |       |       |    15 |     8 |     6 ||    29
   Stab: Distracted        |     1 |       |     1 |     3 |     3 ||     8
         Sleeping          |       |       |       |     1 |       ||     1
 Armour: Skin              |    52 |   219 |   166 |   384 |   224 ||  1045
  Dodge: Dodged            |    38 |   203 |   176 |   700 |   557 ||  1674
   Form: Flux              |       |       |       |     1 |       ||     1

Table legend: (Time is in decaauts)
 A = Elapsed time spent in this place.
 B = Non-inter-level travel time spent in this place.
 C = Inter-level travel time spent in this place.
 D = Time resting spent in this place.
 E = Time spent auto-exploring this place.
 F = Levels seen in this place.
 G = Mean time per level.
                   A        B        C        D        E       F      G
               +--------+--------+--------+--------+--------+-----+--------+
         Total |  17672 |  17145 |    527 |   2097 |  11533 |  17 | 1039.5 |
       Dungeon |  13687 |  13184 |    503 |   1374 |   9407 |  12 | 1140.6 |
        Temple |     30 |     28 |      2 |      0 |      0 |   1 |   30.0 |
          Lair |   1651 |   1630 |     21 |      0 |   1218 |   2 |  825.5 |
         Sewer |    729 |    729 |      0 |     35 |    464 |   1 |  729.0 |
        Bailey |   1573 |   1573 |      0 |    688 |    443 |   1 | 1573.0 |
               +--------+--------+--------+--------+--------+-----+--------+

Top non-repeatable levels by time:
    D:10: 2282 daAuts
     D:8: 1666 daAuts
  Bailey: 1573 daAuts
  Lair:1: 1547 daAuts
    D:12: 1523 daAuts
     D:5: 1335 daAuts
    D:11: 1192 daAuts
     D:9: 1005 daAuts
     D:3: 967 daAuts
     D:4: 850 daAuts
     D:1: 771 daAuts
   Sewer: 729 daAuts
     D:6: 725 daAuts
     D:2: 691 daAuts
     D:7: 675 daAuts
